Map: 2000 Atmospheres LE

Players

Bioice

  • Race: Zerg Zerg
  • League: Master

MCanning - Winner!

  • Race: Protoss Protoss
  • League: Master

VOD

Have the link to the VOD?

Description

Time

  • Played on: July 24, 2021, 8:17 p.m.
  • Length: 15:19
Show
View Real Time Build Order
Export as new Build Order

Bioice Zerg 

Build Orders: Hatch First, Lurkers, Roach Hydra 

Get SALT Encoding   

  12  0:00  Drone  
  13  0:12  Overlord  
  13  0:16  Drone  
  14  0:31  Drone x2  
  16  0:48  Hatchery  
  15  0:51  Drone  
  15  0:54  Drone  
  17  0:58  Drone  
  18  1:06  Extractor  
  17  1:13  Spawning Pool  
  17  1:16  Drone  
  17  1:19  Drone  
  18  1:28  Drone  
  19  1:40  Drone  
  20  1:49  Drone  
  21  1:59  Queen  
  21  2:00  Queen  
  21  2:01  Drone x2  
  27  2:11  Overlord  
  27  2:12  Drone  
  28  2:16  Metabolic Boost  
  28  2:29  Drone x2  
  30  2:33  Drone  
  30  2:36  Hatchery  
  30  2:39  Drone  
  30  2:43  Overlord  
  31  2:44  Drone  
  32  2:54  Zergling x2  
  33  2:59  Overlord  
  33  3:04  Drone  
  34  3:06  Overlord  
  34  3:09  Drone x3  
  34  3:11  Drone x3  
  40  3:18  Queen  
  40  3:19  Overlord  
  42  3:22  Drone  
  43  3:31  Drone x2  
  43  3:32  Queen  
  47  3:43  Drone x4  
  47  3:45  Overlord  
  47  3:47  Queen  
  47  3:48  Drone  
  54  3:53  Roach Warren  
  53  4:00  Overlord  
  53  4:10  Spore Crawler x2  
  53  4:12  Spore Crawler, Zergling x2  
  53  4:13  Zergling x16  
  59  4:31  Drone x7  
  64  4:36  Lair  
  64  4:40  Drone x3  
  64  4:43  Overlord  
  64  4:45  Drone x4  
  71  4:51  Overlord  
  69  4:55  Drone x4  
  68  5:00  Drone  
  68  5:11  Drone x6  
  73  5:14  Queen x2  
  73  5:15  Extractor x2  
  73  5:17  Evolution Chamber  
  74  5:23  Overlord  
  74  5:24  Drone x4  
  78  5:29  Overlord x2  
  78  5:35  Hatchery  
  77  5:41  Drone x6  
  83  5:44  Extractor x2  
  83  5:46  Overlord x2  
  81  5:56  Overlord  
  81  6:00  Glial Reconstitution  
  81  6:02  Hydralisk Den  
  80  6:07  Roach, Zerg Missile Weapons Level 1, Infestation Pit  
  80  6:08  Roach  
  83  6:14  Queen  
  85  6:18  Overlord  
  85  6:25  Roach x6  
  97  6:29  Zergling x8  
  100  6:33  Muscular Augments  
  100  6:39  Drone x2  
  102  6:45  Drone x3  
  105  6:51  Overlord x2  
  105  6:55  Drone  
  105  6:58  Overlord  
  106  7:03  Extractor  
  106  7:04  Hive  
  106  7:05  Lurker Den, Drone x3  
  106  7:07  Drone x2  
  108  7:15  Overlord  
  108  7:16  Drone x2  
  108  7:20  Roach x3  
  116  7:25  Roach  
  117  7:31  Roach x3  
  117  7:32  Roach  
  117  7:33  Roach x2  
  129  7:41  Hydralisk x4  
  129  7:42  Hydralisk  
  139  7:44  Grooved Spines  
  139  7:46  Overlord x2  
  139  7:48  Drone  
  139  7:50  Extractor x2  
  138  7:53  Spire, Drone  
  138  7:54  Drone x2  
  140  7:59  Hatchery  
  140  8:00  Drone  
  140  8:09  Drone x2  
  140  8:12  Overlord  
  142  8:13  Zerg Missile Weapons Level 2  
  142  8:24  Seismic Spines  
  142  8:33  Drone  
  142  8:34  Drone x2  
  145  8:35  Lurker x2  
  145  8:36  Lurker x2  
  148  8:46  Lurker  
  148  8:47  Zergling x32  
  165  8:52  Drone  
  165  8:54  Spore Crawler, Spine Crawler  
  164  8:58  Hydralisk x2  
  164  9:01  Hydralisk  
  170  9:09  Hydralisk x4  
  176  9:11  Zerg Flyer Armor Level 1  
  176  9:14  Hydralisk  
  176  9:15  Zergling x2  
  176  9:27  Hydralisk x8  
  176  9:28  Zergling x4  
  182  9:33  Hydralisk  
  148  9:39  Hydralisk x6  
  148  9:44  Zergling x2  
  148  9:45  Zergling x42  
  172  9:50  Zergling x8  
  172  9:52  Overseer, Extractor x2  
  169  9:53  Pneumatized Carapace  
  169  9:55  Zergling x6  
  169  9:58  Adaptive Talons  
  171  10:02  Zergling x6  
  172  10:16  Zergling x30  
  187  10:23  Zergling x2  
  187  10:26  Zergling x2  
  180  10:44  Corruptor  
  180  10:45  Corruptor x8  
  188  10:55  Corruptor  
  188  10:56  Corruptor x3  
  183  11:01  Overseer  
  181  11:04  Corruptor x2  
  181  11:10  Corruptor  
  183  11:14  Overseer  
  183  11:16  Corruptor  
  185  11:18  Zergling x2  
  185  11:19  Zergling x14  
  193  11:30  Spine Crawler  
  193  11:31  Drone x8  
  187  11:48  Corruptor x4  
  187  11:51  Drone x3  
  187  11:53  Spore Crawler  
  192  11:57  Lurker x5  
  197  12:04  Lurker  
  197  12:05  Lurker  
  197  12:07  Overseer x2  
  197  12:10  Spore Crawler  
  197  12:11  Spore Crawler  
  197  12:12  Spore Crawler  
  197  12:13  Spore Crawler  
  197  12:14  Lurker  
  192  12:15  Zergling x2  
  192  12:16  Zergling x8  
  194  12:35  Hydralisk  
  194  12:36  Zergling x2  
  191  12:46  Overseer x3  
  191  12:48  Corruptor x6  
  191  12:50  Hydralisk x3  
  190  12:51  Zergling x4  
  173  13:18  Corruptor x5  
  126  13:27  Corruptor  
  126  13:32  Corruptor  
  103  13:38  Corruptor  
  105  13:43  Zergling x12  
  105  13:46  Lurker  
  112  13:53  Corruptor  
  114  13:59  Drone x4  
  114  14:00  Drone  
  119  14:08  Corruptor  
  120  14:14  Drone x5  
  125  14:32  Corruptor x2  
  125  14:46  Hydralisk  
  125  14:47  Hydralisk x5  
  125  14:48  Zergling x2  
  135  14:53  Lurker  
  135  14:57  Lurker x2  
Show
View Real Time Build Order
Export as new Build Order

MCanning Protoss - Winner!

Build Orders: 1 Gate Expand, Oracle Opening 

Get SALT Encoding   

  12  0:00  Probe  
  13  0:12  Probe  
  14  0:19  Pylon  
  14  0:24  Probe  
  15  0:37  Probe (Chrono Boost)  
  15  0:38  Gateway  
  16  0:47  Assimilator  
  16  0:48  Probe (Chrono Boost)  
  17  0:52  Probe (Chrono Boost)  
  18  1:03  Probe  
  19  1:16  Probe  
  20  1:23  Nexus  
  20  1:32  Cybernetics Core  
  20  1:36  Probe  
  21  1:41  Assimilator  
  21  1:48  Probe  
  21  1:51  Pylon  
  22  2:00  Probe  
  23  2:07  Adept (Chrono Boost)  
  23  2:08  Probe  
  26  2:16  Probe  
  26  2:19  Stargate  
  27  2:27  Probe  
  28  2:30  Stalker  
  28  2:35  Probe  
  28  2:36  Warp Gate  
  31  2:41  Probe  
  32  2:47  Probe  
  33  2:53  Probe  
  33  2:55  Void Ray (Chrono Boost)  
  34  2:59  Probe  
  39  3:06  Probe  
  39  3:11  Probe  
  41  3:18  Probe  
  42  3:20  Pylon, Gateway  
  42  3:23  Probe  
  43  3:30  Probe  
  44  3:35  Pylon, Probe  
  44  3:37  Oracle (Chrono Boost)  
  48  3:42  Probe  
  48  3:48  Probe  
  50  3:49  Assimilator  
  50  3:51  Assimilator  
  50  3:54  Probe  
  51  4:00  Void Ray (Chrono Boost), Probe  
  52  4:06  Probe  
  57  4:12  Probe  
  57  4:14  Nexus  
  58  4:17  Pylon  
  58  4:18  Probe  
  60  4:25  Probe (Chrono Boost)  
  60  4:31  Probe (Chrono Boost)  
  61  4:32  Robotics Facility  
  61  4:35  Adept  
  61  4:36  Adept  
  66  4:42  Probe x2 (Chrono Boost)  
  67  4:46  Probe (Chrono Boost), Forge  
  67  4:48  Probe  
  67  4:50  Twilight Council  
  68  4:56  Adept  
  68  4:58  Probe  
  69  5:00  Probe  
  70  5:10  Probe  
  70  5:12  Pylon, Probe  
  68  5:15  Sentry  
  68  5:18  Pylon  
  68  5:21  Robotics Bay  
  70  5:22  Protoss Ground Weapons Level 1  
  70  5:26  Probe x2 (Chrono Boost)  
  70  5:27  Sentry  
  75  5:28  Observer (Chrono Boost)  
  76  5:36  Probe (Chrono Boost)  
  76  5:37  Photon Cannon  
  76  5:38  Probe (Chrono Boost), Shield Battery  
  76  5:39  Charge  
  78  5:44  Probe (Chrono Boost)  
  78  5:46  Probe (Chrono Boost)  
  78  5:48  Probe (Chrono Boost)  
  80  5:51  Probe (Chrono Boost)  
  80  5:52  Probe  
  80  5:56  Probe  
  80  5:59  Assimilator  
  80  6:02  Probe  
  80  6:03  Assimilator  
  80  6:04  Gateway, Probe  
  81  6:05  Gateway  
  81  6:07  Gateway  
  81  6:08  Observer (Chrono Boost), Templar Archives  
  81  6:09  Probe  
  81  6:10  Zealot  
  86  6:16  Probe  
  86  6:18  Pylon  
  87  6:21  Pylon  
  90  6:28  Disruptor (Chrono Boost)  
  90  6:33  Pylon  
  90  6:41  Zealot x2  
  90  6:42  Photon Cannon  
  90  6:46  Gateway, Disruptor (Chrono Boost)  
  95  6:47  Gateway  
  95  6:49  Photon Cannon  
  95  7:06  Zealot x4, Nexus  
  101  7:08  Pylon, Disruptor (Chrono Boost)  
  101  7:14  Probe  
  105  7:16  Psionic Storm  
  105  7:17  Pylon  
  105  7:20  Protoss Ground Weapons Level 2 (Chrono Boost)  
  105  7:22  Probe  
  106  7:34  Photon Cannon  
  106  7:35  Photon Cannon  
  104  7:37  Photon Cannon  
  104  7:38  Shield Battery  
  104  7:40  Photon Cannon  
  104  7:42  High Templar x3  
  110  7:45  Shield Battery  
  110  7:48  Observer (Chrono Boost)  
  111  7:52  Probe, Fleet Beacon  
  111  7:53  Probe, Shield Battery  
  111  7:54  Pylon  
  111  7:57  Stargate  
  113  8:01  Zealot  
  115  8:09  Zealot x3  
  115  8:10  Observer (Chrono Boost)  
  122  8:13  Probe, Protoss Air Weapons Level 1 (Chrono Boost)  
  122  8:14  Assimilator  
  123  8:20  Assimilator  
  123  8:23  Disruptor (Chrono Boost)  
  126  8:28  Zealot x4  
  134  8:35  High Templar  
  134  8:38  Mothership (Chrono Boost)  
  136  8:44  Zealot x2  
  136  8:47  Gateway  
  148  8:53  Zealot  
  148  8:54  Photon Cannon, Zealot x2  
  146  9:08  Carrier  
  152  9:16  Stalker  
  150  9:19  Zealot x2, Shield Battery  
  152  9:26  Zealot x4  
  154  9:36  Archon  
  143  9:41  Stalker x2  
  143  9:42  Stalker x2  
  143  9:44  Probe x2 (Chrono Boost)  
  147  9:48  High Templar x3  
  151  9:55  Carrier (Chrono Boost)  
  153  10:07  Zealot x3  
  153  10:08  Zealot x2  
  153  10:13  Pylon  
  163  10:14  Pylon  
  163  10:27  Dark Shrine  
  163  10:31  Protoss Air Weapons Level 2  
  163  10:32  Zealot x2  
  163  10:33  Zealot x2  
  177  10:36  Carrier (Chrono Boost)  
  177  10:38  Zealot  
  173  10:43  High Templar  
  173  10:48  Zealot  
  174  10:51  Carrier (Chrono Boost)  
  172  11:07  Zealot x4  
  180  11:12  Dark Shrine, Stargate  
  179  11:28  Pylon  
  178  11:41  Dark Templar  
  184  11:47  High Templar x2  
  184  11:50  Dark Templar x2  
  184  11:53  Pylon  
  178  11:54  Dark Templar x3  
  184  12:10  Fleet Beacon  
  184  12:11  Nexus  
  184  12:12  Photon Cannon  
  184  12:16  Nexus  
  184  12:36  Void Ray x3  
  180  12:57  Photon Cannon  
  180  12:59  Photon Cannon  
  180  13:01  Photon Cannon  
  180  13:02  Shield Battery  
  180  13:03  Pylon  
  167  13:13  Void Ray (Chrono Boost)  
  167  13:17  Void Ray x2 (Chrono Boost)  
  167  13:18  Archon  
  160  13:26  High Templar x6  
  151  13:35  Mothership (Chrono Boost)  
  151  13:45  Probe x2 (Chrono Boost)  
  153  13:55  Zealot x2  
  165  14:00  Probe (Chrono Boost)  
  167  14:06  Probe (Chrono Boost)  
  167  14:09  Probe (Chrono Boost)  
  168  14:11  Observer  
  168  14:13  Zealot x3  
  168  14:15  Stalker x2  
  179  14:22  Carrier (Chrono Boost)  
  179  14:24  Zealot x2  
  191  14:47  Zealot  
  191  14:48  Zealot x3  
  195  14:55  Dark Templar  
  195  14:56  Dark Templar  
  199  15:02  Assimilator  
  199  15:07  Assimilator  
Tags
 
Add a new tag
Caveats
  • Supply blocks, unpowered buildings, or Contaminate may cause inaccurate times.
  • Supply counts are checked every 10 seconds.